Map: Blackpink LE

Players

Optimus

  • Race: Terran Terran
  • Spawn Location: 1:00

RiSky - Winner!

  • Race: Zerg Zerg
  • Spawn Location: 7:00

Event: WCS Leipzig 2018

VOD

Have the link to the VOD?

Description

Time

  • Played on: Jan. 26, 2018, 9:31 a.m.
  • Length: 30:57

All games in this series

Show
View Real Time Build Order
Export as new Build Order

Optimus Terran 

Build Orders: Gas First Reaper Expand, Reaper Expand, Hellion Banshee, Mech 

Get SALT Encoding   

  12  0:00  SCV  
  13  0:12  SCV  
  14  0:18  Supply Depot  
  14  0:24  SCV  
  15  0:29  Refinery  
  15  0:40  SCV  
  16  0:44  Barracks  
  16  0:52  SCV  
  18  1:04  SCV  
  18  1:16  SCV  
  19  1:32  Orbital Command, Reaper  
  20  1:41  Command Center  
  20  1:52  Factory  
  20  1:57  SCV  
  21  2:05  Supply Depot  
  21  2:07  Barracks Reactor  
  21  2:09  SCV  
  21  2:14  Refinery  
  22  2:21  SCV  
  23  2:33  SCV  
  24  2:42  Starport  
  24  2:45  SCV  
  24  2:46  Hellion x2  
  29  2:51  Barracks Tech Lab  
  29  2:56  Orbital Command  
  29  2:58  SCV  
  30  3:10  Hellion x2  
  30  3:12  SCV  
  35  3:22  SCV  
  35  3:24  SCV, Medivac  
  39  3:31  Cloaking Field  
  39  3:38  SCV x2, Supply Depot  
  41  3:44  Hellion x2  
  45  3:50  SCV  
  46  4:00  SCV, Banshee  
  46  4:02  SCV  
  51  4:03  Supply Depot  
  51  4:06  Supply Depot  
  51  4:11  Hellion  
  51  4:12  SCV  
  54  4:25  Hellion  
  56  4:36  Command Center  
  56  4:37  SCV  
  56  4:38  SCV  
  58  4:43  Banshee  
  58  4:45  Supply Depot  
  61  4:47  Hellion x2  
  61  4:50  SCV  
  66  4:54  SCV  
  67  5:01  Armory  
  67  5:03  Refinery, Armory  
  67  5:05  Refinery  
  67  5:08  SCV x2  
  69  5:23  SCV  
  69  5:25  SCV  
  70  5:29  Hellion x2  
  70  5:35  SCV, Barracks Tech Lab, Starport Reactor  
  75  5:36  Factory  
  75  5:37  Factory  
  75  5:39  SCV  
  76  5:47  SCV  
  77  5:50  Orbital Command  
  77  5:51  SCV, Supply Depot  
  75  5:58  Refinery, Terran Vehicle And Ship Armor Level 1, Terran Vehicle Weapons Level 1  
  75  6:04  Refinery  
  75  6:05  SCV x2  
  75  6:09  Hellion x2  
  81  6:12  Orbital Command  
  81  6:13  Hellion x4  
  81  6:17  SCV x2  
  83  6:27  Supply Depot  
  83  6:29  SCV x2  
  85  6:40  Thor x2  
  85  6:41  Hellion x2  
  101  6:49  SCV x2, Supply Depot, Medivac x2  
  101  6:50  Supply Depot  
  101  6:53  Supply Depot  
  107  6:55  SCV  
  107  6:58  Infernal Pre-Igniter  
  109  7:01  SCV  
  109  7:08  Barracks Reactor  
  109  7:09  Factory  
  109  7:10  Factory  
  109  7:11  SCV x2  
  109  7:13  SCV  
  109  7:14  Hellion x2  
  112  7:23  SCV x2, Supply Depot  
  112  7:29  Siege Tank x2  
  120  7:30  SCV  
  121  7:37  Hellion x2  
  121  7:43  Viking  
  119  7:47  Supply Depot x2  
  119  7:50  SCV x2  
  117  7:54  Factory Tech Lab  
  117  8:01  Siege Tank  
  117  8:02  Terran Vehicle And Ship Armor Level 2, Terran Vehicle Weapons Level 2  
  120  8:08  SCV x2  
  120  8:10  Hellion x3  
  120  8:11  Hellion  
  131  8:15  Siege Tank x2  
  137  8:25  Command Center  
  136  8:29  Viking x2  
  136  8:32  Supply Depot  
  140  8:37  Hellion x4  
  148  8:44  Siege Tank  
  148  8:47  Siege Tank  
  154  8:51  Siege Tank  
  154  8:54  Supply Depot x2  
  154  8:55  Supply Depot  
  157  9:01  Hellion x2  
  157  9:02  Hellion x2  
  165  9:15  Viking x2  
  169  9:18  Engineering Bay  
  169  9:22  Hellion  
  169  9:30  Siege Tank  
  169  9:31  Hellion x3, Siege Tank  
  181  9:39  Command Center  
  177  9:52  Hellion  
  177  9:53  Hellion  
  145  10:02  Hellion x2  
  145  10:03  Siege Tank x2  
  135  10:08  Viking  
  135  10:09  Viking  
  135  10:14  Planetary Fortress, Siege Tank  
  137  10:18  Hellion  
  139  10:27  Hellion x3  
  145  10:35  Siege Tank x2  
  151  10:39  Terran Vehicle Weapons Level 3  
  151  10:42  Terran Vehicle And Ship Armor Level 3  
  151  10:45  Refinery  
  151  10:49  Sensor Tower  
  151  10:54  Refinery  
  151  10:55  Supply Depot  
  151  10:57  Hellion x2  
  152  10:59  Orbital Command  
  152  11:00  Siege Tank  
  155  11:15  Hellion x2, Ghost Academy, Barracks  
  155  11:19  Viking x2  
  155  11:23  Siege Tank x2  
  163  11:31  Hellion  
  163  11:32  Hellion  
  167  11:33  Barracks Tech Lab  
  163  11:42  Hellion x2, Siege Tank  
  168  11:47  Moebius Reactor  
  168  11:53  Hellion  
  170  11:55  SCV, Siege Tank  
  170  11:56  SCV  
  170  11:59  Siege Tank  
  170  12:00  Hellion, SCV  
  178  12:03  Hellion  
  178  12:07  Viking  
  178  12:08  Viking  
  173  12:14  Siege Tank, Ghost  
  173  12:15  Barracks Tech Lab  
  163  12:19  Hellion x2  
  167  12:25  Sensor Tower  
  166  12:31  Command Center  
  166  12:37  Hellion x2  
  166  12:38  Siege Tank  
  166  12:39  Ghost  
  173  12:48  SCV  
  171  12:53  Ghost  
  171  12:57  Liberator, Siege Tank x2  
  171  12:58  Hellion, Liberator  
  181  13:00  SCV  
  181  13:01  Hellion x2  
  181  13:03  Hellion  
  188  13:08  Ghost, Smart Servos  
  188  13:17  Terran Ship Weapons Level 1  
  184  13:20  Hellion  
  186  13:40  Missile Turret  
  186  13:41  Missile Turret x3  
  186  13:43  Sensor Tower  
  186  13:46  Siege Tank x2  
  186  13:47  Hellion x2  
  196  13:53  Ghost x2  
  200  13:59  Refinery  
  200  14:03  Refinery, Missile Turret  
  200  14:16  Starport  
  200  14:20  Fusion Core  
  200  14:23  Planetary Fortress  
  200  14:24  Starport  
  190  15:07  Hellion x2, Siege Tank x2  
  190  15:09  Starport Reactor  
  190  15:12  Starport Tech Lab  
  200  15:21  Ghost  
  196  15:30  Liberator x2  
  196  15:39  Ghost  
  192  15:49  Ghost  
  198  15:55  Nuke  
  200  16:00  Ghost Academy x2  
  200  16:01  Command Center, Ghost Academy  
  200  16:04  Command Center  
  200  16:36  Nuke x2  
  200  16:37  Nuke  
  200  16:38  Command Center  
  200  16:56  Nuke  
  200  16:59  Ghost x2  
  200  17:10  Advanced Ballistics  
  200  17:12  Barracks  
  200  17:15  Barracks  
  188  17:27  Viking x4, Ghost  
  188  17:28  Viking, Ghost  
  187  17:40  Liberator  
  177  17:47  Thor  
  177  17:56  Orbital Command x2, Ghost x2  
  177  17:57  Viking x2  
  188  17:59  Terran Ship Weapons Level 2  
  188  18:04  Barracks Tech Lab x2  
  188  18:07  Nuke  
  180  18:27  Ghost x3  
  180  18:30  Viking x2  
  190  18:37  Viking x2  
  190  18:38  Liberator  
  187  18:42  Liberator, Planetary Fortress  
  187  18:44  Refinery  
  184  18:53  Hellion x6  
  190  19:07  Ghost x4  
  195  19:11  Hellion x3  
  195  19:16  Liberator  
  198  19:22  Refinery  
  198  19:23  Supply Depot  
  195  19:35  Ghost  
  200  19:45  Liberator x2  
  200  19:52  Viking  
  200  19:58  Nuke  
  200  19:59  Nuke  
  200  20:12  Nuke x2  
  200  20:23  Command Center  
  169  20:58  Viking x2  
  169  20:59  Thor  
  169  21:00  Thor  
  169  21:01  Hellion  
  169  21:02  Siege Tank  
  169  21:03  Hellion  
  164  21:07  Hellion x2  
  164  21:08  Viking x2  
  158  21:21  Ghost x2  
  158  21:23  Hellion  
  158  21:24  Hellion  
  166  21:28  Hellion x2  
  170  21:34  Siege Tank, Nuke  
  173  21:42  Liberator x2, Siege Tank  
  173  21:43  Siege Tank  
  173  21:44  Hellion  
  173  21:46  Hellion  
  180  21:49  Hellion  
  180  21:50  Hellion  
  180  21:53  Ghost Academy  
  182  21:55  Liberator  
  185  22:05  Hellion  
  185  22:06  Siege Tank  
  190  22:11  Ghost x3  
  199  22:30  Ghost  
  199  22:36  Nuke  
  198  22:39  Hellion x2, Ghost  
  200  22:48  Liberator  
  200  22:49  Nuke  
  200  23:02  Viking  
  196  23:09  Nuke  
  195  23:14  Ghost x3  
  195  23:18  Ghost  
  195  23:26  Hellion, Siege Tank  
  200  23:34  Nuke  
  197  23:43  Marine  
  197  23:45  Liberator x2  
  193  23:59  Liberator x2  
  181  24:06  Siege Tank  
  181  24:07  Hellion x2, Siege Tank, Ghost x3  
  193  24:17  Hellion, Siege Tank  
  185  24:29  Planetary Fortress  
  185  24:31  Refinery, Hellion  
  185  24:32  Refinery, Hellion x2  
  190  24:39  Hellion x2, Siege Tank  
  197  24:46  Liberator, Ghost  
  197  24:49  Siege Tank  
  196  25:00  Siege Tank  
  199  25:26  Command Center  
  194  25:32  Ghost x2  
  198  25:35  Nuke  
  198  25:49  Liberator x2  
  198  25:53  Ghost  
  194  26:05  Ghost x2  
  192  26:18  Command Center  
  192  26:25  Ghost x2  
  192  26:31  Liberator  
  193  26:33  Ghost  
  193  26:34  Ghost  
  193  26:37  Missile Turret  
  193  26:39  Missile Turret  
  191  26:44  Orbital Command  
  191  26:52  Liberator  
  191  26:53  Nuke  
  194  26:54  Ghost x2  
  185  27:18  Liberator, Ghost x2  
  185  27:22  Liberator  
  186  27:33  Orbital Command  
  189  27:52  Thor  
  189  27:54  Hellion x2  
  197  28:01  Command Center  
  183  28:09  Ghost x2  
  183  28:10  Command Center  
  183  28:11  Command Center  
  184  28:26  Liberator  
  181  28:42  Thor  
  178  28:49  Liberator x2  
  176  29:08  Liberator x2  
  182  29:30  Missile Turret, Marine  
  182  29:31  Missile Turret  
  183  29:41  Orbital Command  
  183  29:44  Siege Tank  
  183  29:45  Hellion x4  
  194  29:49  Missile Turret  
  194  29:50  Liberator x2  
  194  29:59  Orbital Command  
  192  30:07  Refinery  
  192  30:09  Refinery  
  195  30:24  Missile Turret  
  195  30:25  Missile Turret  
  195  30:26  Missile Turret  
  195  30:27  Missile Turret  
Show
View Real Time Build Order
Export as new Build Order

RiSky Zerg - Winner!

Build Orders: Hatch First, Brood Lord Corruptor 

Get SALT Encoding   

  12  0:00  Drone  
  13  0:12  Overlord  
  13  0:16  Drone  
  14  0:30  Drone x2  
  14  0:34  Drone  
  17  0:52  Hatchery  
  17  0:53  Drone  
  17  0:56  Drone  
  18  1:07  Extractor  
  18  1:10  Spawning Pool  
  16  1:14  Drone  
  16  1:17  Drone  
  18  1:27  Drone  
  19  1:37  Overlord  
  19  1:49  Drone  
  20  1:57  Queen  
  20  1:59  Zergling x2  
  23  2:03  Queen  
  23  2:04  Zergling x2  
  23  2:07  Metabolic Boost  
  26  2:11  Drone  
  26  2:15  Drone  
  28  2:21  Drone  
  29  2:25  Drone  
  30  2:33  Extractor  
  30  2:34  Queen  
  30  2:36  Overlord  
  31  2:38  Drone  
  31  2:43  Drone  
  33  2:49  Drone  
  34  2:53  Extractor  
  34  2:54  Drone  
  36  2:58  Drone  
  37  3:10  Drone x3  
  37  3:12  Drone x3  
  42  3:16  Drone  
  42  3:18  Drone  
  44  3:21  Hatchery  
  44  3:24  Overlord  
  44  3:26  Drone  
  44  3:37  Overlord  
  44  3:38  Pneumatized Carapace  
  44  3:42  Queen  
  44  3:43  Zergling x2  
  44  3:44  Zergling x4  
  44  3:46  Drone x2  
  44  3:47  Drone  
  52  3:49  Overlord  
  52  3:54  Roach Warren  
  51  3:56  Zergling x2  
  51  4:00  Zergling x2  
  53  4:03  Drone  
  53  4:04  Overlord  
  53  4:07  Drone  
  53  4:08  Drone  
  56  4:17  Drone  
  56  4:18  Queen  
  56  4:20  Drone  
  56  4:21  Drone x2  
  63  4:24  Drone  
  63  4:33  Zergling x4  
  63  4:37  Drone  
  65  4:41  Roach  
  65  4:44  Lair  
  67  4:47  Drone x2  
  67  4:50  Drone, Extractor, Spore Crawler  
  67  4:51  Extractor  
  67  4:52  Roach x2  
  71  4:59  Overlord  
  73  5:00  Roach  
  73  5:02  Drone  
  73  5:04  Queen  
  73  5:06  Roach  
  78  5:08  Drone, Overlord  
  78  5:10  Spore Crawler  
  78  5:13  Queen  
  79  5:17  Roach  
  79  5:20  Roach  
  81  5:21  Zergling x4  
  81  5:28  Drone x2  
  83  5:31  Drone x2, Overlord  
  83  5:33  Drone  
  86  5:36  Overlord  
  86  5:37  Drone x2  
  86  5:39  Drone x2  
  86  5:40  Queen  
  86  5:41  Drone  
  93  5:44  Extractor  
  93  5:45  Drone x2, Overseer  
  93  5:49  Overseer  
  94  5:51  Drone x2  
  94  5:56  Hatchery  
  93  5:57  Drone  
  93  6:00  Drone x2, Queen  
  98  6:04  Drone, Evolution Chamber  
  98  6:05  Evolution Chamber  
  97  6:15  Drone  
  97  6:16  Drone x7  
  105  6:18  Drone  
  105  6:22  Extractor, Infestation Pit  
  104  6:26  Drone  
  104  6:27  Drone, Extractor  
  104  6:30  Overlord  
  105  6:33  Drone  
  105  6:34  Spore Crawler  
  105  6:37  Drone x2  
  105  6:38  Overlord  
  107  6:41  Zerg Ground Armor Level 1, Zerg Missile Weapons Level 1  
  107  6:42  Drone x2  
  109  6:51  Drone x2  
  109  6:53  Overlord  
  109  6:54  Glial Reconstitution  
  111  6:55  Drone x2  
  111  6:56  Drone  
  111  6:57  Roach x2  
  111  6:58  Roach  
  120  7:05  Drone, Hive  
  120  7:07  Roach x2  
  125  7:08  Overlord  
  125  7:09  Extractor  
  125  7:12  Extractor, Roach  
  125  7:13  Roach x2  
  127  7:19  Drone  
  127  7:21  Drone  
  129  7:22  Overlord  
  129  7:24  Drone x2, Hydralisk Den, Overlord  
  128  7:31  Roach  
  128  7:32  Roach x2  
  128  7:34  Overlord  
  128  7:36  Drone  
  132  7:39  Roach x3  
  132  7:40  Overlord  
  132  7:42  Drone  
  137  7:45  Overlord  
  137  7:49  Drone x2  
  139  7:56  Muscular Augments  
  139  8:11  Overlord x2  
  139  8:12  Drone x2  
  141  8:13  Drone x3, Hatchery  
  141  8:23  Viper  
  141  8:24  Viper x4  
  157  8:34  Hydralisk x3  
  157  8:36  Hatchery  
  157  8:37  Zerg Melee Weapons Level 1  
  157  8:40  Hydralisk x2  
  165  8:45  Hydralisk x2  
  163  8:52  Hydralisk x3  
  169  9:03  Spine Crawler  
  169  9:04  Spine Crawler  
  169  9:05  Spine Crawler  
  169  9:06  Spine Crawler, Hydralisk x2  
  169  9:07  Hydralisk x4  
  177  9:20  Hydralisk x2  
  177  9:21  Hydralisk x2  
  177  9:22  Overlord x2  
  185  9:25  Hydralisk x2  
  185  9:26  Hydralisk  
  185  9:28  Hydralisk x2  
  195  9:33  Hydralisk x2  
  190  9:54  Hydralisk x6  
  181  10:01  Hydralisk x6  
  186  10:13  Hydralisk x4  
  194  10:17  Zerg Missile Weapons Level 2  
  194  10:22  Zergling x12  
  194  10:23  Hatchery  
  194  10:25  Hatchery  
  196  10:29  Zergling x4, Spire  
  195  10:38  Overseer  
  195  10:39  Overseer  
  195  10:40  Zergling x10  
  200  10:43  Zerg Ground Armor Level 2  
  200  11:02  Overlord x2  
  200  11:11  Overlord x2  
  194  11:17  Overlord  
  189  11:21  Roach x4  
  190  11:37  Roach x3  
  190  11:38  Roach  
  197  11:51  Spine Crawler  
  197  11:52  Spine Crawler  
  197  11:53  Extractor x2  
  158  12:09  Drone x3  
  158  12:10  Drone x2, Extractor  
  161  12:22  Corruptor  
  161  12:23  Greater Spire, Corruptor x11  
  161  12:27  Spire  
  182  12:37  Spine Crawler  
  182  12:38  Spine Crawler  
  182  12:39  Spine Crawler, Extractor  
  172  12:46  Zerg Melee Weapons Level 2  
  167  13:01  Spine Crawler  
  167  13:02  Spine Crawler  
  163  13:07  Drone x3  
  160  13:16  Corruptor x7  
  160  13:18  Drone  
  160  13:19  Drone  
  157  13:20  Drone  
  158  13:31  Corruptor x6  
  170  13:39  Drone x4  
  170  13:40  Drone  
  175  13:49  Brood Lord  
  175  13:50  Brood Lord  
  175  13:51  Drone x6, Brood Lord x3  
  191  13:57  Drone x3  
  190  14:05  Drone  
  191  14:11  Drone  
  191  14:13  Zerg Ground Armor Level 3  
  191  14:16  Brood Lord  
  194  14:18  Drone  
  194  14:19  Drone x2  
  194  14:23  Spore Crawler  
  196  14:24  Spore Crawler  
  195  14:37  Drone x3  
  197  14:44  Queen  
  182  14:46  Drone x5  
  182  14:48  Drone  
  182  14:49  Drone x2  
  182  14:50  Drone  
  188  14:52  Drone  
  188  14:58  Brood Lord  
  184  15:11  Brood Lord  
  184  15:12  Brood Lord x2  
  184  15:13  Corruptor  
  190  15:17  Drone x2  
  190  15:18  Drone  
  190  15:20  Overseer  
  190  15:21  Overseer x3  
  195  15:27  Zerg Melee Weapons Level 3  
  195  15:39  Extractor  
  194  15:42  Infestor  
  194  15:43  Infestor x2  
  200  16:07  Hatchery  
  199  16:13  Zerg Flyer Armor Level 1, Zerg Flyer Weapons Level 1  
  199  16:14  Hatchery  
  194  16:34  Corruptor  
  194  16:36  Brood Lord  
  200  16:42  Overseer  
  195  17:03  Overseer x5  
  195  17:13  Spine Crawler  
  163  17:33  Drone x5  
  158  17:43  Drone x3  
  158  17:44  Drone  
  159  17:46  Brood Lord x7  
  159  17:49  Corruptor x9  
  191  18:04  Extractor  
  185  18:13  Drone x2  
  185  18:14  Drone  
  185  18:18  Drone x3  
  192  18:20  Drone  
  192  18:31  Brood Lord x2  
  193  18:40  Corruptor x5  
  198  18:45  Extractor, Zerg Flyer Armor Level 2, Zerg Flyer Weapons Level 2  
  197  18:50  Viper  
  200  19:13  Spore Crawler  
  189  19:20  Brood Lord x5  
  199  19:39  Drone  
  199  19:42  Hatchery  
  199  19:48  Spore Crawler x2  
  199  19:49  Spore Crawler  
  199  19:50  Spore Crawler  
  177  19:54  Infestor  
  177  19:55  Infestor x2  
  178  20:21  Queen x2  
  178  20:30  Drone x2  
  178  20:31  Drone  
  178  20:32  Brood Lord  
  178  20:33  Corruptor x6  
  178  20:34  Spore Crawler  
  178  20:35  Spore Crawler x3  
  191  20:42  Corruptor x3  
  195  20:54  Corruptor x3  
  191  21:05  Corruptor  
  191  21:06  Corruptor x2  
  186  21:11  Corruptor x2  
  138  21:31  Brood Lord x10  
  161  21:36  Zergling x12  
  161  21:37  Zergling x10  
  168  21:45  Drone x10  
  172  21:48  Drone x4  
  173  22:00  Viper x3  
  182  22:06  Extractor x2, Brood Lord x2  
  184  22:14  Infestor  
  184  22:15  Overlord x2  
  184  22:26  Infestor  
  184  22:29  Drone x6  
  183  22:32  Spore Crawler  
  183  22:33  Spore Crawler  
  183  22:34  Spore Crawler  
  183  22:48  Drone  
  183  22:49  Drone x2, Spore Crawler x3  
  183  23:01  Corruptor x4  
  191  23:07  Drone x2  
  187  23:20  Corruptor x3  
  187  23:21  Overlord  
  179  23:49  Drone x3  
  179  23:50  Drone  
  176  23:59  Corruptor  
  176  24:00  Corruptor x9  
  194  24:08  Drone x3  
  191  24:12  Hydralisk x3  
  185  24:18  Hydralisk x2  
  185  24:23  Zergling x2  
  185  24:24  Zergling x4  
  186  24:36  Drone x6  
  186  24:37  Drone  
  194  24:38  Drone  
  194  24:41  Extractor  
  194  24:44  Drone  
  194  24:58  Overlord x3  
  192  25:01  Overseer x3  
  191  25:13  Infestor x2  
  188  25:23  Drone  
  188  25:25  Drone  
  188  25:27  Corruptor x2  
  184  25:33  Drone x8  
  184  25:34  Drone x2, Extractor  
  193  25:49  Infestor x2  
  185  26:09  Overlord  
  185  26:10  Pathogen Glands  
  185  26:15  Drone x2, Spine Crawler  
  185  26:16  Infestor  
  185  26:18  Spine Crawler  
  187  26:20  Zergling x4  
  187  26:21  Zergling x18  
  187  26:23  Spore Crawler  
  197  26:32  Spore Crawler  
  190  26:35  Drone x5  
  190  26:36  Drone x4  
  190  26:37  Drone  
  195  26:43  Corruptor  
  191  26:50  Drone x3  
  191  26:57  Corruptor x2  
  190  27:10  Corruptor x2  
  190  27:15  Drone  
  190  27:16  Drone x4  
  191  27:24  Corruptor  
  193  27:30  Drone  
  193  27:31  Drone  
  195  27:43  Infestor  
  196  27:46  Drone  
  197  27:53  Corruptor  
  199  28:00  Hatchery  
  198  28:09  Zergling x2  
  198  28:10  Zergling x2  
  198  28:19  Zergling x2  
  197  28:20  Zergling x4  
  197  28:22  Hatchery  
  197  28:26  Zergling x6  
  195  28:30  Zergling x18  
  195  28:32  Drone x3  
  195  28:33  Drone  
  196  28:41  Infestor  
  196  28:42  Infestor  
  200  29:07  Hatchery  
  194  29:27  Drone x4  
  194  29:28  Drone x2  
  199  29:35  Drone  
  198  29:51  Zergling x4  
  200  30:04  Corruptor  
  193  30:09  Brood Lord x3  
Tags
 
Add a new tag
Caveats
  • Supply blocks, unpowered buildings, or Contaminate may cause inaccurate times.
  • Supply counts are checked every 10 seconds.